 Dungeon Crawl Stone Soup version 0.26-a0-58-g79b31b8662 (webtiles) character file.

Game seed: 8844263150937144093

1195 mieszko the Ruffian (level 8, -6/67 HPs)
             Began as a Ghoul Monk on June 8, 2020.
             Was a Believer of Nemelex Xobeh.
             Mangled by a cyan very ugly thing (21 damage)
             ... on level 1 of the Abyss.
             The game lasted 00:30:44 (6870 turns).

mieszko the Ruffian (Ghoul Monk)                    Turns: 6870, Time: 00:30:45

Health: -6/67      AC:  3    Str: 14 (15) XL:     8   Next: 44%
Magic:  7/7        EV: 18    Int: 11      God:    Nemelex Xobeh [**....]
Gold:   163        SH:  0    Dex: 12 (13) Spells: 7/7 levels left

rFire    . . .     SeeInvis .     - Unarmed
rCold    + . .     Gourm    .   (no shield)
rNeg     + + +     Faith    +   a - +0 robe
rPois    ∞         Spirit   .   e - +0 helmet
rElec    .         Reflect  .   (no cloak)
rCorr    .         Harm     .   (no gloves)
MR       .....                  (no boots)
Stlth    +++.......             c - amulet of faith
HPRegen  0.00/turn              o - +4 ring of evasion
MPRegen  0.10/turn              k - +6 ring of intelligence

@: rotting
A: rotting body, claws 1, carnivore, cold resistance 1, negative energy
resistance 3, inhibited regeneration, torment resistance, unbreathing
a: Draw Escape, Draw Destruction, Draw Summoning, Renounce Religion


You were on level 1 of the Abyss.
You worshipped Nemelex Xobeh.
Nemelex Xobeh was pleased with you.
You were not hungry.

You visited 2 branches of the dungeon, and saw 8 of its levels.
You visited the Abyss 1 time.
You also visited: Ossuary.

You collected 306 gold pieces.
You spent 143 gold pieces at shops.

Inventory:

Hand Weapons
 b - a +1 hunting sling
 r - a +1 dagger of flaming
Missiles
 g - 64 sling bullets
 m - 5 boomerangs (quivered)
Armour
 a - a +0 robe (worn)
 e - a +0 helmet (worn)
Jewellery
 c - an amulet of faith (around neck)
 k - a +6 ring of intelligence (right claw)
 o - a +4 ring of evasion (left claw)
Wands
 n - a wand of acid (1)
Scrolls
 f - 2 scrolls of teleportation
 i - 2 scrolls of amnesia
 t - 4 scrolls of identify
 u - a scroll of holy word {unknown}
 v - a scroll of magic mapping
 w - a scroll of remove curse
Potions
 d - a potion of magic
 h - 3 potions of brilliance
 l - 6 potions of stabbing
 p - 2 potions of curing
 q - a potion of resistance
 s - 3 potions of flight
Comestibles
 j - 6 rations
 x - a chunk of flesh


   Skills:
 + Level 4.5 Fighting
 + Level 0.8(1.4) Slings
 + Level 1.7(1.8) Throwing
 * Level 5.4 Dodging
 * Level 6.1 Stealth
 + Level 6.9 Unarmed Combat
 + Level 0.1 Evocations


You had 7 spell levels left.
You didn't know any spells.
Your spell library contained the following spells:

 Spells                   Type           Power        Failure   Level  Hunger
 Sticks to Snakes         Tmut           #.......     47%         2    ###....
 Beastly Appendage        Tmut           Unusable     N/A         1    N/A
 Spider Form              Tmut/Pois      Unusable     N/A         3    N/A
 Ice Form                 Ice/Tmut       Unusable     N/A         4    N/A
 Blade Hands              Tmut           Unusable     N/A         5    N/A

Dungeon Overview and Level Annotations

Branches:
Dungeon (7/15)             Temple (1/1) D:6         Ossuary (visited)

Altars:
Ashenzari
Dithmenos
Elyvilon
Fedhas
Gozag
Kikubaaqudgha
Makhleb
Nemelex Xobeh
Qazlal
Ru
Sif Muna
Trog
Uskayaw
Vehumet
Wu Jian
Yredelemnul
Zin
The Shining One

Shops:
D:5 !


Innate Abilities, Weirdness & Mutations

Your body is rotting away.
You thrive on raw meat.
You are immune to poison.
You have sharp fingernails.
You are carnivorous and can eat meat at any time.
Your flesh is cold resistant. (rC+)
You are immune to negative energy. (rN+++)
You do not regenerate when monsters are visible.
You are immune to unholy pain and torment.
You can survive without breathing.


Message History

The ynoxinul bellows!
A wretched star comes into view.
A cyan very ugly thing comes into view.
A small abomination comes into view. 3 very ugly things and an orange demon come into view.
The cyan very ugly thing gurgles horribly! x3
A cyan very ugly thing comes into view. x2
The cyan very ugly thing gurgles horribly! x2
The cyan very ugly thing basks in the mutagenic energy from its kin and changes! x2
A ynoxinul comes into view.
The ynoxinul gestures.
The wretched star pulses with an eldritch light!
Your body decomposes!
You feel clumsy.
Your body decomposes!
You feel weakened. The cyan very ugly thing pecks you!!
* * * LOW HITPOINT WARNING * * *
The cyan very ugly thing shocks you!!
You die...
Your body glows slightly and disappears.

## ..... ##..###.. ..
≈≈# .... .# .... #.#
≈#x#.. . # ..# ##.#
..X..### # .#..# #...#
#.....#......#. .
#....##...##..## .#.
#..#3..#.#*#.#z###.#.##
#........3...#.# ..
#..@5z.# .## ##
#..#u5#.##.# ..
#.....#u#.# # ...
#..###.u..u #. .. #.##
##.#u.# .# #. ..u..# #.
. .u4#.# #. #..###


You could see 4 very ugly things, a wretched star, 2 ynoxinuls, a wight and 2
ufetubi.

Vanquished Creatures
  An ice beast (D:6)
  A necrophage (D:6)
  An ogre (D:6)
  2 centaurs
  2 bullfrogs (D:6)
  A bullfrog zombie (D:6)
  3 crimson imps (D:6)
  A centaur zombie (Ossuary)
  2 orc priests
  An orc wizard (D:3)
  2 iguanas (D:4)
  5 mummies (Ossuary)
  Robin (D:3)
  6 gnolls (D:3)
  A howler monkey zombie (D:7)
  9 adders
  A shadow imp (D:5)
  A worm (D:5)
  4 leopard geckos
  4 orcs
  3 bats
  5 giant cockroaches
  A gnoll zombie (Ossuary)
  12 goblins
  6 hobgoblins
  5 jackals
  2 quokkas
  2 ball pythons
  3 goblin zombies (Ossuary)
  A hobgoblin zombie (Ossuary)
  4 kobolds
  2 kobold zombies (Ossuary)
  A leopard gecko skeleton (D:4)
  A quokka zombie (D:5)
  9 rats
106 creatures vanquished.

Vanquished Creatures (collateral kills)
  A crimson imp (D:7)
  A human zombie (D:7)
  A hound skeleton (D:7)
3 creatures vanquished.

Grand Total: 109 creatures vanquished

Notes
Turn   | Place    | Note
-------+----------+-------------------------------------------
     0 | D:1      | mieszko the Ghoul Monk began the quest for the Orb.
     0 | D:1      | Reached XP level 1. HP: 19/19 MP: 0/0
   367 | D:1      | Reached XP level 2. HP: 19/25 MP: 1/1
  1076 | D:2      | Reached XP level 3. HP: 24/33 MP: 2/2
  2017 | D:3      | Reached XP level 4. HP: 40/40 MP: 3/3
  2061 | D:3      | Noticed Robin
  2321 | D:3      | Reached XP level 5. HP: 28/46 MP: 4/4
  2493 | D:3      | Killed Robin
  3229 | D:4      | Reached XP level 6. HP: 29/52 MP: 5/5
  3486 | D:4      | Found a radiant altar of Vehumet.
  3924 | D:5      | Entered Level 5 of the Dungeon
  3948 | D:5      | Found a shattered altar of Ashenzari.
  3962 | D:5      | Found an ancient bone altar of Kikubaaqudgha.
  4467 | D:5      | Found Ziku's Distillery.
  4471 | D:5      | Bought a potion of resistance for 130 gold pieces
  4471 | D:5      | Bought a potion of degeneration for 13 gold pieces
  4587 | D:6      | Reached skill level 5 in Unarmed Combat
  4597 | D:6      | Reached XP level 7. HP: 37/59 MP: 6/6
  4874 | D:6      | Found a staircase to the Ecumenical Temple.
  4986 | D:6      | Found an opulent altar of Gozag.
  5225 | D:6      | Reached skill level 1 in Throwing
  5225 | D:6      | Reached skill level 5 in Stealth
  5430 | D:6      | Reached skill level 5 in Dodging
  5492 | D:6      | Reached XP level 8. HP: 55/66 MP: 7/7
  5712 | D:7      | HP: 3/67 [jackal (3)]
  5722 | D:7      | Found a sand-covered staircase.
  5731 | D:7      | HP: 1/67 [crimson imp (1)]
  5732 | Ossuary  | Entered an ossuary
  6473 | Temple   | Entered the Ecumenical Temple
  6604 | Temple   | Became a worshipper of Nemelex Xobeh the Trickster
  6604 | Temple   | Received a gift from Nemelex Xobeh
  6604 | Temple   | Received a gift from Nemelex Xobeh
  6604 | Temple   | Reached * piety under Nemelex Xobeh
  6604 | Temple   | Received a gift from Nemelex Xobeh
  6604 | Temple   | Reached ** piety under Nemelex Xobeh
  6655 | D:7      | Found a blossoming altar of Fedhas.
  6675 | D:7      | Received a gift from Nemelex Xobeh
  6787 | D:7      | Cast into level 1 of the Abyss (drawing a card)
  6836 | Abyss:1  | Noticed a ynoxinul
  6864 | Abyss:1  | Noticed a tentacled starspawn
  6864 | Abyss:1  | Noticed a wretched star
  6864 | Abyss:1  | Noticed a cyan very ugly thing
  6867 | Abyss:1  | Noticed an orange demon
  6867 | Abyss:1  | Noticed a cyan very ugly thing
  6867 | Abyss:1  | Noticed a cyan very ugly thing
  6867 | Abyss:1  | Noticed a cyan very ugly thing
  6867 | Abyss:1  | Noticed a cyan very ugly thing
  6867 | Abyss:1  | Noticed a cyan very ugly thing
  6870 | Abyss:1  | Noticed a ynoxinul
  6870 | Abyss:1  | Mangled by a cyan very ugly thing

Illustrated notes

Levels and vault maps discovered:
D:1:      sevenhm_arrival_forest_fort_large_2, layout_basic
D:2:      layout_basic
D:3:      layout_basic, uniq_robin
D:4:      layout_gridville, lemuel_round_altar
D:5:      layout_basic, grunt_temple_overflow_open, serial_shops,
          kennysheep_mini_moat, first_ration
D:6:      layout_basic, grunt_gozag_statues, minmay_temple_entry_mist,
          serial_curves, eino_curves_04, eino_curves_03
D:7:      layout_cave_pools, lemuel_doored_altar, enter_ossuary_3,
          grunt_livestock, grunt_decor_mini_mirrors, serial_bayou_lagoon_a,
          st_stairs_12, feat_on_display
Temple:   dshaligram_water_room_temple
Abyss:1:  base:
D:6

Skill      XL: |  1  2  3  4  5  6  7  8 |
---------------+-------------------------+-----
Dodging        | 3 4 5 |  5.4
Unarmed Combat | 4 5 6 |  6.9
Fighting       | 4 |  4.5
Stealth        | 3 4 5 6 |  6.1
Throwing       | 1 |  1.7
Slings         | |  0.8
Evocations     | |  0.1

Action                   |  1- 3 |  4- 6 |  7- 9 || total
-------------------------+-------+-------+-------++-------
Melee: Unarmed           |   103 |   172 |   137 ||   412
       Punch             |     1 |     8 |     4 ||    13
 Fire: Hunting sling     |       |       |    11 ||    11
Throw: Boomerang         |       |    19 |     9 ||    28
Invok: Draw Escape       |       |       |     3 ||     3
       Draw Destruction  |       |       |     2 ||     2
       Draw Summoning    |       |       |     1 ||     1
Evoke: Wand              |       |     2 |     2 ||     4
  Use: Scroll            |       |    14 |     8 ||    22
       Potion            |       |     2 |     5 ||     7
 Stab: Sleeping          |     2 |     5 |     5 ||    12
       Distracted        |       |     1 |     1 ||     2
  Eat: Chunk             |    16 |    28 |    22 ||    66
       Ration            |       |       |     2 ||     2
Armor: Robe              |    16 |     9 |     9 ||    34
Dodge: Dodged            |    71 |   103 |   146 ||   320

Table legend:
 A = Non-vault XP
 B = Vault XP
 C = Vault XP percentage of total XP
 D = Non-vault monster count
 E = Vault monster count
 F = Vault count percentage of total count
                 A         B        C        D         E       F
            +---------+---------+-------+---------+---------+-------
      Total |    1490 |     218 |  12.8 |      87 |      22 |  20.2
            +---------+---------+-------+---------+---------+-------
        D:1 |      19 |       0 |   0.0 |      13 |       0 |   0.0
        D:2 |      56 |       0 |   0.0 |      13 |       0 |   0.0
        D:3 |     208 |      28 |  11.9 |      18 |       8 |  30.8
        D:4 |      90 |       0 |   0.0 |       9 |       0 |   0.0
        D:5 |      42 |       0 |   0.0 |       9 |       0 |   0.0
        D:6 |     903 |       0 |   0.0 |      16 |       0 |   0.0
        D:7 |     172 |      42 |  19.6 |       9 |       1 |  10.0
    Ossuary |       0 |     148 | 100.0 |       0 |      13 | 100.0
            +---------+---------+-------+---------+---------+-------
